 Dungeon Crawl Stone Soup version 0.29-a0-559-g359e09b9d1 (webtiles) character file.

Game seed: 17498353636270934340

1472 IdlyInterested the Slasher (level 8, -2/60 (64) HPs)
             Began as a Demonspawn Gladiator on June 10, 2022.
             Slain by Maggie
             ... wielding a +2 halberd of draining
              (6 damage)
             ... on level 6 of the Dungeon.
             The game lasted 00:14:04 (5258 turns).

IdlyInterested the Slasher (Demonspawn Gladiator)   Turns: 5258, Time: 00:14:06

HP:   -2/60 (64)    AC: 10    Str: 15    XL:     8   Next: 49%
MP:   0/8           EV: 14    Int: 11    God:
Gold: 331           SH:  0    Dex: 15    Spells: 7/7 levels left

rFire   + . .      SeeInvis .   G - +4 long sword
rCold   . . .      Faith    .   (no shield)
rNeg    . . .      Spirit   +   B - +3 leather armour {rF+}
rPois   .          Reflect  .   (helmet restricted)
rElec   .          Harm     .   w - +1 cloak
rCorr   .          Rampage  .   (no gloves)
Will    .....                   (no boots)
Stlth   +.........              k - amulet of guardian spirit
HPRegen 0.20/turn               i - ring of wizardry
MPRegen 0.11/turn               (no ring)

@: mesmerised, hasted, drained, very quick
A: antennae 1, thin metallic scales 1, demonic guardian 1
a: no special abilities


You were on level 6 of the Dungeon.
You visited 1 branch of the dungeon, and saw 6 of its levels.

You collected 331 gold pieces.

Inventory:

Hand Weapons
 a - a +1 long sword of freezing
 c - the +4 dagger "Morg" {pain, Will+ Int+5}
   (You found it on level 4 of the Dungeon)

   In the hands of one skilled in necromantic magic, it inflicts extra damage on
   living creatures.
   Int:       It affects your intelligence (+5).
   Will:      It increases your willpower.
 j - a +2 short sword of venom
 v - the +9 mace of Xopargholl {flame, Int+3}
   (You found it on level 2 of the Dungeon)

   It burns those it strikes, dealing additional fire damage.
   Int:       It affects your intelligence (+3).
 A - a +1 dagger of draining
 G - a +4 long sword (weapon)
Missiles
 d - 3 throwing nets (quivered)
 e - 7 javelins
 h - 2 poisoned darts
 l - 5 curare-tipped darts
Armour
 w - a +1 cloak (worn)
 B - a +3 leather armour of fire resistance (worn)
Magical Staves
 b - a staff of poison
 q - a staff of fire
Jewellery
 i - a ring of wizardry (left hand)
 k - an amulet of guardian spirit (around neck)
 u - an amulet of magic regeneration
Wands
 x - a wand of flame (21)
 z - a wand of iceblast (9)
Scrolls
 g - 2 scrolls of poison
 m - a scroll of brand weapon
 n - 3 scrolls of magic mapping
 r - 4 scrolls of teleportation
 s - 2 scrolls of enchant weapon
 y - a scroll of identify
 D - a scroll of enchant armour
 F - a scroll of blinking
Potions
 o - 2 potions of magic
 t - 3 potions of flight
 C - a potion of heal wounds


   Skills:
 + Level 6.1 Fighting
 * Level 6.8 Long Blades
 - Level 1.7 Throwing
 * Level 5.8 Dodging


You had 7 spell levels left.
You didn't know any spells.
Your spell library contained the following spells:

 Spells                   Type           Power      Damage    Failure   Level
 Necrotize                Necr           0%         1d4       17%         1
 Call Canine Familiar     Summ           0%         N/A       45%         3
 Confusing Touch          Hex            0%         N/A       45%         3
 Portal Projectile        Hex/Tloc       0%         N/A       45%         3
 Vampiric Draining        Necr           0%         2d6       45%         3
 Leda's Liquefaction      Hex/Erth       0%         N/A       83%         4
 Agony                    Necr           0%         N/A       99%         5
 Yara's Violent Unravell  Hex/Tmut       0%         3d3       99%         5
 Enfeeble                 Hex            0%         N/A       100%        7


Dungeon Overview and Level Annotations

Branches:
Dungeon (6/15)
 Temple: D:4-7

Altars:
Fedhas
Makhleb
Qazlal
Ru

Annotations:
D:6 Maggie


Innate Abilities, Weirdness & Mutations

You have a pair of small antennae on your head.
You are partially covered in thin metallic scales. (AC +2)
A weak demonic guardian rushes to your aid.


Message History

* * * LOW HITPOINT WARNING * * *
The gnoll sergeant hits you with a +0 spear.
* * * LOW HITPOINT WARNING * * *
The gnoll closely misses you. The scorpion barely misses you.
You feel yourself speed up. The scorpion completely misses you.
Maggie casts a spell.
Maggie attempts to bespell you!
You are mesmerised by Maggie!
The gnoll barely misses you. The gnoll misses you.
The gnoll sergeant hits you with a +0 spear.
* * * LOW HITPOINT WARNING * * *
A demonic guardian appears!
The gnoll misses you.
You feel much better. The scorpion barely misses you.
The gnoll sergeant barely misses you. The gnoll closely misses you.
The gnoll hits you but does no damage.
Maggie hits you from afar with a +2 halberd of draining!
You feel drained.
* * * LOW HITPOINT WARNING * * *
The gnoll closely misses you.
You barely miss the gnoll.
Your white imp hits the gnoll.
Your white imp freezes the gnoll.
The scorpion stings you.
* * * LOW HITPOINT WARNING * * *
The gnoll misses you. The gnoll hits you but does no damage.
The gnoll hits you with a +0 whip.
* * * LOW HITPOINT WARNING * * *
The gnoll sergeant misses you.
The orc priest looks satisfied for a moment.
Maggie closely misses you.
You barely miss the gnoll.
The gnoll is heavily wounded.
The scorpion completely misses you.
Your white imp hits the gnoll.
Your white imp freezes the gnoll.
Unknown command.
You hit the gnoll.
You kill the gnoll!
The orc priest invokes the aid of Beogh against you.
Beogh smites you!
* * * LOW HITPOINT WARNING * * *
Maggie hits you from afar with a +2 halberd of draining!
You die...

#......# ##
#......##..
#......... # .
#........ .#..
#.....###....
#.$oooo#.....
#.osggS......
#.{#@)go.....
#..##5@o.....
#.....##..$..
##............
#......)......
#<...##....#.
#....# ...##
#...## ##..#
#....# .##


You could see Maggie (mesmerising), a water moccasin, a gnoll sergeant, a
scorpion, 3 orc priests, 2 gnolls, 4 orcs and a friendly white imp (summoned).

Vanquished Creatures
  Sigmund (D:2)
  Menkaure (D:4)
  A sky beast (D:5)
  An ice beast (D:5)
  A black bear (D:5)
  A phantom (D:5)
  2 scorpions (D:5)
  A howler monkey (D:4)
  4 hounds (D:5)
  2 jellies (D:5)
  2 orc priests
  3 iguanas
  Crazy Yiuf (D:2)
  2 orc wizards (D:5)
  Ijyb (D:4)
  Natasha (thrice) (D:4)
  A gnoll (D:6)
  4 adders
  A shadow imp (D:5)
  A worm (D:2)
  3 dart slugs (D:1)
  5 orcs
  2 bats
  8 endoplasms
  5 giant cockroaches
  7 goblins
  7 hobgoblins
  A jackal (D:5)
  7 quokkas
  4 ball pythons
  2 frilled lizards
  12 kobolds
  7 rats
104 creatures vanquished.

Vanquished Creatures (collateral kills)
  A scorpion (D:5)
  An orc (D:3)
  A ball python (D:3)
3 creatures vanquished.

Grand Total: 107 creatures vanquished

Notes
Turn   | Place    | Note
-------+----------+-------------------------------------------
     0 | D:1      | IdlyInterested the Demonspawn Gladiator began the quest for
                  | the Orb.
     0 | D:1      | Reached XP level 1. HP: 16/16 MP: 1/1
    27 | D:1      | You fall into a shaft and drop 1 floor!
    88 | D:1      | Found a faded altar of an unknown god.
   192 | D:1      | Gained mutation: You are partially covered in thin metallic
                  | scales. (AC +2) [demonic ancestry]
   192 | D:1      | Reached XP level 2. HP: 22/22 MP: 2/2
   842 | D:1      | Gained mutation: A weak demonic guardian rushes to your
                  | aid. [demonic ancestry]
   842 | D:1      | Reached XP level 3. HP: 28/28 MP: 3/3
  1451 | D:2      | Noticed Sigmund
  1460 | D:2      | Killed Sigmund
  1461 | D:2      | Reached XP level 4. HP: 21/37 MP: 2/4
  1461 | D:2      | Reached XP level 5. HP: 24/42 MP: 2/5
  1868 | D:2      | Identified the +9 mace of Xopargholl {flame, Int+3}
  1872 | D:2      | Found a runed translucent door.
  1873 | D:2      | Noticed Crazy Yiuf
  1878 | D:2      | Killed Crazy Yiuf
  2283 | D:3      | Gained mutation: You have a pair of small antennae on your
                  | head. [demonic ancestry]
  2283 | D:3      | Reached XP level 6. HP: 16/48 MP: 3/6
  2757 | D:3      | Found a burning altar of Makhleb.
  2806 | D:3      | Noticed an Executioner
  2810 | D:3      | Noticed an orange demon
  2810 | D:3      | Noticed an orange demon
  3044 | D:4      | Noticed Natasha
  3051 | D:4      | Killed Natasha
  3122 | D:4      | Noticed Natasha
  3130 | D:4      | Killed Natasha
  3160 | D:4      | Found a sacrificial altar of Ru.
  3316 | D:4      | Noticed Menkaure
  3323 | D:4      | Killed Menkaure
  3324 | D:4      | Reached skill level 5 in Long Blades
  3324 | D:4      | Reached XP level 7. HP: 26/55 MP: 2/7
  3348 | D:4      | Noticed Natasha
  3354 | D:4      | Killed Natasha
  3567 | D:4      | Noticed Ijyb
  3577 | D:4      | Killed Ijyb
  3632 | D:4      | Found the +4 dagger "Morg" {pain, Will+ Int+5}
  3766 | D:4      | Found a stormy altar of Qazlal.
  4021 | D:5      | Entered Level 5 of the Dungeon
  4187 | D:5      | Found a blossoming altar of Fedhas.
  4483 | D:5      | Reached skill level 5 in Dodging
  4813 | D:5      | Reached skill level 5 in Fighting
  4876 | D:5      | Reached XP level 8. HP: 59/63 MP: 6/8
  5244 | D:6      | Noticed Maggie
  5258 | D:6      | Slain by Maggie

Illustrated notes

Levels and vault maps discovered:
D:1:      elethiomel_arrival_infinity_welcomes_careful_drivers,
          layout_loops_corners, basic_ecumenical_altar
D:2:      layout_basic, uniq_crazy_yiuf_cottage, uniq_sigmund
D:3:      layout_basic, makhleb_altar_promises_db
D:4:      layout_rooms, nicolae_qazlal_eye_of_the_storm,
          nicolae_ru_sacrificial_ziggurat, uniq_menkaure, uniq_natasha,
          uniq_ijyb
D:5:      minmay_thinvault, layout_layer_cave, mainiacjoe_overflow_24_doors
D:6:      minmay_clustersquares, layout_cave_pools,
          minmay_temple_entry_antechambers, minivault_4, uniq_maggie

Skill      XL: |  1  2  3  4  5  6  7  8 |
---------------+-------------------------+-----
Long Blades    | 3 4 5 6 |  6.8
Dodging        | 3 4 5 |  5.8
Fighting       | 3 4 5 6 |  6.1
Throwing       | |  1.7

Action                   |  1- 3 |  4- 6 |  7- 9 || total
-------------------------+-------+-------+-------++-------
Melee: Long sword        |    68 |    26 |    11 ||   105
       Punch             |     1 |       |     1 ||     2
       Mace              |       |    63 |    86 ||   149
Throw: Dart              |     1 |       |       ||     1
  Use: Scroll            |     5 |     6 |     6 ||    17
       Potion            |     2 |     4 |     2 ||     8
Armor: Ring mail         |    28 |    25 |       ||    53
       Scale mail        |       |    22 |     7 ||    29
       Leather armour    |       |       |    52 ||    52
Dodge: Dodged            |    38 |    44 |   116 ||   198

Table legend: (Time is in decaauts)
 A = Elapsed time spent in this place.
 B = Non-inter-level travel time spent in this place.
 C = Inter-level travel time spent in this place.
 D = Time resting spent in this place.
 E = Time spent auto-exploring this place.
 F = Levels seen in this place.
 G = Mean time per level.
                   A        B        C        D        E       F      G
               +--------+--------+--------+--------+--------+-----+--------+
         Total |   5334 |   5206 |    128 |    668 |   3465 |   6 |  889.0 |
       Dungeon |   5334 |   5206 |    128 |    668 |   3465 |   6 |  889.0 |
               +--------+--------+--------+--------+--------+-----+--------+

Top non-repeatable levels by time:
     D:1: 1386 daAuts
     D:5: 1241 daAuts
     D:4: 991 daAuts
     D:3: 973 daAuts
     D:2: 718 daAuts
     D:6: 23 daAuts
